 Dungeon Crawl Stone Soup version 0.18.1-1-g2f07953 (webtiles) character file.

142 Eucla the Chopper (level 5, -1/50 HPs)
             Began as a Deep Dwarf Fighter on May 6, 2016.
             Slain by an orc warrior
             ... wielding a +0 dire flail
              (22 damage)
             ... on level 3 of the Dungeon.
             The game lasted 00:01:33 (1532 turns).

Eucla the Chopper (Deep Dwarf Fighter)              Turns: 1532, Time: 00:01:33

Health: -1/50      AC:  6    Str: 20    XL:     5   Next: 3%
Magic:  6/14       EV:  7    Int:  8    God:
Gold:   103        SH:  9    Dex: 13    Spells: 0 memorised, 4 levels left

rFire  . . .     SeeInvis .     a - +0 war axe
rCold  . . .     Gourm    .     b - +0 scale mail
rNeg   . . .     Faith    .     c - +0 shield
rPois  .         Spirit   .     (no helmet)
rElec  .         Dismiss  .     (no cloak)
rCorr  .         Reflect  .     (no gloves)
SustAt .         Harm     .     (no boots)
MR     +....                    (no amulet)
Stlth  ..........               r - ring of magical power
                                o - ring of protection from magic

@: non-regenerating, somewhat resistant to hostile enchantments, extremely
unstealthy
A: damage resistance, recharge devices, sense surroundings 1, slow regeneration
3
a: Device Recharging


You were on level 3 of the Dungeon.
You were not hungry.

You visited 1 branch of the dungeon, and saw 3 of its levels.

You collected 103 gold pieces.

Inventory:

Hand Weapons
 a - a +0 war axe (weapon)
Armour
 b - a +0 scale mail (worn)
 c - a +0 shield (worn)
Jewellery
 o - a ring of protection from magic (left hand)
 r - a ring of magical power (right hand)
Wands
 e - a wand of heal wounds (3/9)
Scrolls
 h - 4 scrolls of teleportation {unknown}
 i - a scroll of fear {unknown}
 j - 4 scrolls of identify {unknown}
 l - a scroll of noise {unknown}
 m - 4 scrolls of remove curse {unknown}
 n - a scroll of fog {unknown}
 p - a scroll of amnesia {unknown}
Potions
 d - a potion of might
 g - a potion of mutation {unknown}
 k - a potion of degeneration {unknown}
 q - a potion of curing {unknown}
Comestibles
 f - a bread ration
 s - a slice of pizza


   Skills:
 + Level 3.7 Fighting
 * Level 4.8 Axes
 - Level 3.2 Armour
 - Level 3.2 Shields


You had 4 spell levels left.
You didn't know any spells.

Dungeon Overview and Level Annotations

Branches:
Dungeon (3/15)

Altars:


Innate Abilities, Weirdness & Mutations

You are resistant to damage.
You can recharge devices by infusing magical energy.
You passively map a small area around you.
You do not regenerate naturally.


Message History

The orc shouts!
The orc hits you but does no damage.
Unknown command.
There are monsters nearby!
You slash the orc!
You kill the orc!
There are monsters nearby!
You closely miss the orc. The orc hits you with a hand axe.
You block the orc's attack.
Unknown command.
There are monsters nearby!
Your shield prevents you from hitting the orc.
There are monsters nearby!
You hit the orc warrior but do no damage.
Unknown command.
There are monsters nearby!
You hit the orc warrior.
The orc warrior is lightly wounded.
The orc warrior hits you with a dire flail!!
You die...

)).....##.....#
†[>.<..##.....#
....†..##.....#
.......'.....†##########
.......#...............#
.......###############.#
..###......... #.# ..#
##################.# ..#
*#.ooooo@......# ###
,...############ , , * ,
,* , *


You could see an orc warrior and 4 orcs.

Vanquished Creatures
  2 orc wizards (D:3)
  2 adders
  2 oozes
  A worm (D:2)
  2 dart slugs
  9 orcs (D:3)
  2 giant cockroaches (D:2)
  2 goblins (D:1)
  4 hobgoblins
  2 jackals (D:3)
  6 kobolds
  2 quokkas
  A ball python (D:2)
  4 bats
  3 giant newts
  7 rats
51 creatures vanquished.

Notes
Turn   | Place    | Note
--------------------------------------------------------------
     0 | D:1      | Eucla the Deep Dwarf Fighter began the quest for the Orb.
     0 | D:1      | Reached XP level 1. HP: 20/20 MP: 1/1
    96 | D:1      | Reached XP level 2. HP: 25/28 MP: 2/2
   295 | D:1      | Reached skill level 3 in Axes
  1062 | D:2      | Reached XP level 3. HP: 26/34 MP: 3/3
  1402 | D:3      | Reached skill level 4 in Axes
  1402 | D:3      | Reached XP level 4. HP: 22/42 MP: 4/4
  1407 | D:3      | Found a faded altar to an unknown god.
  1502 | D:3      | Reached XP level 5. HP: 23/50 MP: 5/5
  1526 | D:3      | Noticed an orc warrior
  1532 | D:3      | Slain by an orc warrior

Skill      XL: |  1  2  3 |
---------------+----------+-----
Fighting       | 3 |  3.7
Axes           | 3 4 |  4.8
Armour         | |  3.2
Shields        | |  3.2

Action                   |  1- 3 |  4- 6 || total
-------------------------+-------+-------++-------
Melee: War axe           |   100 |    54 ||   154
Evoke: Wand              |     1 |     1 ||     2
  Eat: Bread ration      |     1 |       ||     1
Armor: Scale mail        |    37 |    30 ||    67
Dodge: Dodged            |    28 |    19 ||    47
Block: Shield            |    51 |    29 ||    80
